 Dungeon Crawl Stone Soup version 0.28.0-47-ge53b351184 (webtiles) character file.

Game seed: 3077183006556777601

151 Gabide the Grasshopper (level 5, 0/41 HPs)
             Began as a Human Warper on May 9, 2022.
             Succumbed to an adder's poison
             ... on level 2 of the Dungeon.
             The game lasted 00:05:46 (2846 turns).

Gabide the Grasshopper (Human Warper)               Turns: 2846, Time: 00:05:47

Health: 0/41       AC:  5    Str: 14      XL:     5   Next: 60%
Magic:  17/17      EV: 12    Int: 12 (13) God:
Gold:   101        SH:  0    Dex: 10 (12) Spells: 6/8 levels left

rFire   . . .      SeeInvis .   a - +0 spear
rCold   . . .      Faith    .   (no shield)
rNeg    . . .      Spirit   .   b - +0 leather armour
rPois   .          Reflect  .   d - +0 helmet
rElec   .          Harm     .   (no cloak)
rCorr   .          Rampage  .   c - +0 pair of gloves
Will    .....                   (no boots)
Stlth   +.........              (no amulet)
HPRegen 0.13/turn               g - ring of magical power
MPRegen 0.15/turn               (no ring)

@: mighty, lethally poisoned (0 -> -1)
A: no striking features
a: no special abilities


You were on level 2 of the Dungeon.
You visited 1 branch of the dungeon, and saw 3 of its levels.

You collected 101 gold pieces.

Inventory:

Hand Weapons
 a - a +0 spear (weapon)
Armour
 b - a +0 leather armour (worn)
 c - a +0 pair of gloves (worn)
 d - a +0 helmet (worn)
Jewellery
 g - a ring of magical power (left hand)
Scrolls
 e - a scroll of blinking
 f - a scroll of fear {unknown}
 h - a scroll of immolation {unknown}
 i - a scroll of acquirement {unknown}


   Skills:
 * Level 3.0 Fighting
 * Level 2.9 Polearms
 - Level 1.0 Throwing
 - Level 2.0 Armour
 * Level 3.0 Dodging
 + Level 2.4 Spellcasting
 + Level 3.3 Translocations


You had 6 spell levels left.
You knew the following spells:

 Your Spells              Type           Power      Damage    Failure   Level
a - Blink                 Tloc           18%        N/A       12%         2

Your spell library contained the following spells:

 Spells                   Type           Power      Damage    Failure   Level
 Gell's Gravitas          Tloc           9%         N/A       24%         3
 Lesser Beckoning         Tloc           9%         N/A       24%         3
 Teleport Other           Tloc           9%         N/A       24%         3
 Foxfire                  Conj/Fire      4%         2x1d4     32%         1
 Slow                     Hex            4%         N/A       32%         1
 Confusing Touch          Hex            1%         N/A       67%         3
 Conjure Flame            Conj/Fire      1%         6-21      67%         3
 Inner Flame              Hex/Fire       1%         N/A       67%         3
 Vampiric Draining        Necr           1%         2d6       67%         3
 Manifold Assault         Tloc           9%         N/A       92%         5
 Flame Wave               Conj/Fire      1%         2d4       97%         4


Dungeon Overview and Level Annotations

Branches:
Dungeon (3/15)

Altars:
Xom


Message History

You feel very sick. The adder barely misses you. The adder bites you.
* * * LOW HITPOINT WARNING * * *
You closely miss the adder.
The adder is almost dead.
You feel sick. The adder bites you.
* * * LOW HITPOINT WARNING * * *
Okay, then.
Blink to where?
Press: ? - help, Dir - move target, f - you
Okay, then.
You aren't carrying any items that you can evoke.
Blink to where?
Press: ? - help, Dir - move target
As you read the scroll of blinking, it crumbles to dust.
* * * LOW HITPOINT WARNING * * *
You feel sick.
It was a potion of might.
You feel very mighty all of a sudden.
* * * LOW HITPOINT WARNING * * *
You feel sick.
* * * LOW HITPOINT WARNING * * *
You feel sick.
* * * LOW HITPOINT WARNING * * *
You feel sick.
* * * LOW HITPOINT WARNING * * *
You feel sick.
Reach: a) +0 spear
Press: ? - help, Dir - move target, f - adder
Aim: an adder (severely wounded, about 58% to evade your +0 spear)
You reach to attack!
You hit the adder.
You kill the adder!
* * * LOW HITPOINT WARNING * * *
You feel sick.
Your Dodging skill increases to level 3!
There is a lethal amount of poison in your body!
There is a lethal amount of poison in your body!
You aren't carrying any potions.
There is a lethal amount of poison in your body!
You die...

######################
#..>.................####
#.#.#############........
#.....[.# #.##.####
###.....#########.#......
#.....#.............#..
#...†....#######.#.....
####........#######.......
#........@................
#......#.....#########.#..
#......#.....# #....
########.....# ####.
#.....# #. #.....# #.
#.....# #. #.....# #.
#.....# #.


There were no monsters in sight!

Vanquished Creatures
  A phantom (D:3)
  2 adders (D:2)
  A shadow imp (D:3)
  A dart slug (D:1)
  7 ball pythons
  4 endoplasms
  3 giant cockroaches
  4 goblins
  5 hobgoblins
  3 jackals (D:1)
  2 quokkas (D:1)
  5 bats
  3 frilled lizards
  3 kobolds (D:1)
  5 rats
49 creatures vanquished.

Notes
Turn   | Place    | Note
-------+----------+-------------------------------------------
     0 | D:1      | Gabide the Human Warper began the quest for the Orb.
     0 | D:1      | Reached XP level 1. HP: 16/16 MP: 3/3
   162 | D:1      | Reached XP level 2. HP: 18/22 MP: 5/5
   580 | D:1      | Reached XP level 3. HP: 26/27 MP: 6/6
  1304 | D:2      | Learned a level 2 spell: Blink
  1319 | D:2      | Found a shimmering altar of Xom.
  1397 | D:2      | HP: 1/28 [adder (3)]
  1401 | D:2      | Reached XP level 4. HP: 19/34 MP: 4/7
  2358 | D:3      | Found a faded altar of an unknown god.
  2643 | D:3      | Noticed a phantom
  2663 | D:3      | Killed a phantom
  2664 | D:3      | Reached XP level 5. HP: 28/41 MP: 8/8
  2843 | D:2      | HP: 2/41 [poisoned by an adder]
  2846 | D:2      | Succumbed to an adder's poison

Illustrated notes

Levels and vault maps discovered:
D:1:      ebering_hopf_link, layout_loops_ring, chequers_serial_rivers_small_3
D:2:      layout_basic, basic_altar
D:3:      layout_basic, chequers_ecumenical_altar_simple_redux,
          minmay_misc_feat_enclosed, minmay_bisected

Skill      XL: |  1  2  3  4  5 |
---------------+----------------+-----
Fighting       | 3 |  3.0
Armour         | 2 |  2.0
Dodging        | 3 |  3.0
Polearms       | |  2.9
Throwing       | |  1.0
Spellcasting   | |  2.4
Translocations | |  3.3

Action                   |  1- 3 |  4- 6 || total
-------------------------+-------+-------++-------
Melee: Spear             |   133 |   121 ||   254
       Punch             |     3 |     2 ||     5
Throw: Boomerang         |     2 |     3 ||     5
 Cast: Blink             |     1 |       ||     1
  Use: Potion            |     2 |     1 ||     3
       Scroll            |       |     3 ||     3
 Stab: Sleeping          |       |     1 ||     1
Armor: Leather armour    |    33 |    26 ||    59
Dodge: Dodged            |    62 |    56 ||   118
